Sharks vs Panthers
Created - January 23, 2023 at 19:22
Goals
|
| Sharks |
0 |
1 |
3 |
4 |
| Panthers |
1 |
0 |
0 |
1 |
|
Shots
|
| Sharks |
7 |
9 |
8 |
24 |
| Panthers |
10 |
11 |
9 |
30 |
|
1st period
1. Panthers , Chris Bourque 12 (Miro Aaltonen 12, Kris Versteeg 14) at 16:00
Penalties :
Mike Lundin (S.J) for Hooking (Minor) at 4:42
2nd period
2. Sharks , Ben Smith 17 (Dion Phaneuf 3) at 15:06
Penalties :
Joe Pavelski (S.J) for Roughing (Minor) at 0:36, Anze Kopitar (Flo) for Holding Stick (Minor) at 6:48, Alexander Semin (Flo) for Hooking (Minor) at 18:32
3rd period
3. Sharks , Brandon Dubinsky 15 (Ben Smith 21) at 0:12 (PP)
4. Sharks , Brandon Dubinsky 16 (Ben Smith 22, David Booth 5) at 8:56 (PP)
5. Sharks , Ben Smith 18 (Markus Nutivaara 8, Brandon Dubinsky 18) at 12:57
Penalties :
Alexander Semin (Flo) for Tripping (Minor) at 5:31, Will Butcher (Flo) for Delaying the game (Minor) at 8:46, Anze Kopitar (Flo) for Hooking (Minor) at 9:20, Alex Goligoski (Flo) for Roughing (Minor) at 13:35, John Draeger (Flo) for Slashing (Minor) at 17:44
Goalie Stats
Malcolm Subban (S.J), 29 saves from 30 shots - (0.967), W, 2-1-2, 60:00 minutes
Jonathan Quick (Flo), 20 saves from 24 shots - (0.833), L, 10-9-3, 60:00 minutes
Players Stats for Sharks
Player Name G A P +/- PIM S H SB GA TA FO MP PP MP PK MP
------------------------------------------------------------------------------------
Andreas Martinsen 0 0 0 -1 0 0 3 0 0 0 0/0 9:25 0:19 0:44
Ben Smith 2 2 4 2 0 4 1 0 0 0 2/2 21:37 6:35 0:00
Boone Jenner 0 0 0 0 0 1 1 2 0 1 6/12 18:55 4:51 1:33
Brandon Dubinsky 2 1 3 2 0 5 1 2 1 0 17/42 23:49 6:35 2:11
Brandon Gormley 0 0 0 0 0 0 1 0 2 1 0/0 28:21 6:39 2:10
Brendan Gaunce 0 0 0 0 0 2 0 1 0 0 1/1 8:18 0:00 0:00
Conor Sheary 0 0 0 0 0 3 1 2 0 0 0/0 8:47 0:19 0:09
David Booth 0 1 1 2 0 1 2 2 1 0 2/3 23:42 6:35 2:08
Dion Phaneuf 0 1 1 0 0 0 3 2 0 1 0/0 20:33 5:06 1:49
Gustav Nyquist 0 0 0 0 0 0 0 0 0 0 0/0 8:24 0:00 0:00
Joe Pavelski 0 0 0 0 2 1 0 0 0 0 0/2 17:22 4:51 0:00
Karl Alzner 0 0 0 1 0 0 0 0 0 0 0/0 11:10 0:00 0:07
Markus Nutivaara 0 1 1 1 0 1 0 1 0 0 0/0 10:53 0:00 0:00
Mike Lundin 0 0 0 0 2 1 3 1 0 1 0/0 27:57 6:39 1:17
Oscar Sundqvist 0 0 0 -1 0 0 0 0 0 0 3/4 8:36 0:00 0:11
Ronalds Kenins 0 0 0 0 0 1 3 2 0 0 2/2 18:55 4:51 1:33
Tyler Cuma 0 0 0 0 0 1 0 2 1 1 0/0 20:37 5:06 2:00
Wayne Simmonds 0 0 0 -1 0 3 1 0 0 0 0/0 8:39 0:19 0:00
Players Stats for Panthers
Player Name G A P +/- PIM S H SB GA TA FO MP PP MP PK MP
------------------------------------------------------------------------------------
Alex Goligoski 0 0 0 0 2 2 3 2 1 1 0/0 26:44 2:25 3:27
Alex Iafallo 0 0 0 0 0 0 2 0 0 0 0/0 12:53 0:00 2:17
Alexander Semin 0 0 0 -1 4 4 3 0 1 0 1/1 20:41 2:09 1:34
Anze Kopitar 0 0 0 -1 4 1 2 0 1 0 13/26 22:54 2:09 4:23
Beau Bennett 0 0 0 -1 0 0 0 0 0 0 2/4 9:18 0:00 3:41
Blake Geoffrion 0 0 0 -1 0 2 1 0 0 0 0/0 5:37 0:00 0:00
Brian Flynn 0 0 0 0 0 1 0 0 0 0 4/7 12:25 0:00 2:03
Chris Bourque 1 0 1 1 0 4 2 0 0 0 1/2 13:24 1:49 0:00
Dalton Prout 0 0 0 0 0 0 0 0 0 0 0/0 20:45 1:08 4:31
Daultan Leveillé 0 0 0 -1 0 1 0 0 0 0 1/5 9:46 0:00 2:48
Jason Pominville 0 0 0 -1 0 2 0 1 0 0 1/2 17:31 2:09 0:00
John Draeger 0 0 0 -1 2 1 0 0 0 1 0/0 10:29 0:25 0:43
Kris Versteeg 0 1 1 1 0 2 1 1 1 0 2/2 20:26 1:49 6:44
Kyle Okposo 0 0 0 0 0 3 1 0 0 0 0/0 9:24 0:00 0:00
Miro Aaltonen 0 1 1 1 0 3 0 0 0 0 10/19 13:24 1:49 0:00
Morgan Ellis 0 0 0 0 0 0 0 0 1 2 0/0 18:01 0:25 7:14
Niklas Hansson 0 0 0 0 0 1 0 0 0 0 0/0 22:43 1:08 7:35
Will Butcher 0 0 0 -1 2 3 1 4 0 1 0/0 21:43 2:25 0:00
3 Stars
1 - Ben Smith (S.J)
2 - Brandon Dubinsky (S.J)
3 - Malcolm Subban (S.J)
Power Play
Sharks - 2 on 7 Attempt(s) - 28.57%
Panthers - 0 on 2 Attempt(s) - 0.00%
Penalty Kill
Sharks - 2 on 2 Attempt(s) - 100.00%
- Score 0 goal in Penalty Kill
Panthers - 5 on 7 Attempt(s) - 71.43%
- Score 0 goal in Penalty Kill
Team Stat
Sharks - Hits : 20 - Faceoff Wins : 33 - Blocked Shots : 17 - Penalty Minutes : 4
Panthers - Hits : 16 - Faceoff Wins : 35 - Blocked Shots : 8 - Penalty Minutes : 14
Official
Referees : Gord Dwyer and Garrett Rank
Linesman : Mark Shewchyk and Travis Toomey
Game Notes
No Game Note
Finance
Level 1 -- Attendance: 6000 (100.00%) -- Ticket Income $600,000
Level 2 -- Attendance: 4440 (88.80%) -- Ticket Income $266,400
Level 3 -- Attendance: 2000 (100.00%) -- Ticket Income $70,000
Level 4 -- Attendance: 3912 (97.80%) -- Ticket Income $97,800
Luxury Box -- Attendance: 1000 (100.00%) -- Ticket Income $200,000
Game was played at the BBT Center.
Total Attendance: 17352 (96.40%)
Total Ticket Income: $1,234,200
Other Income: $185,130
Total Income: $1,419,330
Sharks
5 vs 5 Forward
Center Left Wing Right Wing Time % Phy DF OF
1 Brandon Dubinsky David Booth Ben Smith 40 1 1 3
2 Boone Jenner Ronalds Kenins Joe Pavelski 30 1 1 3
3 Oscar Sundqvist Andreas Martinsen Wayne Simmonds 20 1 2 2
4 Brendan Gaunce Gustav Nyquist Conor Sheary 10 1 2 2
5 vs 5 Defense
Defense Defense Time % Phy DF OF
1 Mike Lundin Brandon Gormley 40 1 1 3
2 Dion Phaneuf Tyler Cuma 30 1 2 2
3 Karl Alzner Markus Nutivaara 20 1 3 1
4 Mike Lundin Brandon Gormley 10 1 3 1
PowerPlay Forward
Center Left Wing Right Wing Time % Phy DF OF
1 Brandon Dubinsky David Booth Ben Smith 60 1 0 4
2 Boone Jenner Ronalds Kenins Joe Pavelski 40 1 0 4
PowerPlay Defense
Defense Defense Time % Phy DF OF
1 Mike Lundin Brandon Gormley 60 1 1 3
2 Dion Phaneuf Tyler Cuma 40 1 1 3
Penalty Kill 4 Players Forward
Center Wing Time % Phy DF OF
1 Brandon Dubinsky David Booth 60 0 4 1
2 Boone Jenner Ronalds Kenins 40 0 4 1
Penalty Kill 4 Players Defense
Defense Defense Time % Phy DF OF
1 Mike Lundin Brandon Gormley 60 0 4 1
2 Dion Phaneuf Tyler Cuma 40 0 4 1
Penalty Kill - 3 Players Forward
Forward Time % Phy DF OF
1 Brandon Dubinsky 60 0 5 0
2 Boone Jenner 40 0 5 0
Penalty Kill - 3 Players Defense
Defense Defense Time % Phy DF OF
1 Mike Lundin Brandon Gormley 60 0 5 0
2 Dion Phaneuf Tyler Cuma 40 0 5 0
4 vs 4 Forward
Center Wing Time % Phy DF OF
1 Brandon Dubinsky David Booth 60 1 1 3
2 Boone Jenner Ronalds Kenins 40 1 1 3
4 vs 4 Defense
Defense Defense Time % Phy DF OF
1 Mike Lundin Brandon Gormley 60 1 2 2
2 Dion Phaneuf Tyler Cuma 40 1 2 2
Last Minutes Offensive
Center Left Wing Right Wing Defense Defense
Brandon Dubinsky David Booth Ben Smith Mike Lundin Brandon Gormley
Last Minutes Defensive
Center Left Wing Right Wing Defense Defense
Brandon Dubinsky David Booth Ben Smith Mike Lundin Brandon Gormley
Goaltenders
Starting : Malcolm Subban
Backup : Philipp Grubauer
Extra Forwards
Normal : Conor Sheary, David Booth, Ronalds Kenins - PP : Conor Sheary, David Booth - PK : Conor Sheary
Extra Defensemen
Normal : Tyler Cuma, Karl Alzner, Markus Nutivaara - PP : Tyler Cuma - PK : Tyler Cuma, Karl Alzner
Penalty Shots
Ben Smith, Joe Pavelski, Brandon Dubinsky, Wayne Simmonds, Conor Sheary
Scratches
Arturs Kulda (Healthy), Loui Eriksson (Healthy), Marek Svatos (Healthy), MacKenzie Weegar (Healthy)
Panthers
5 vs 5 Forward
Center Left Wing Right Wing Time % Phy DF OF
1 Anze Kopitar Alexander Semin Jason Pominville 40 1 2 2
2 Miro Aaltonen Chris Bourque Kris Versteeg 30 1 2 2
3 Brian Flynn Alex Iafallo Kyle Okposo 20 1 2 2
4 Daultan Leveillé Blake Geoffrion Beau Bennett 10 1 2 2
5 vs 5 Defense
Defense Defense Time % Phy DF OF
1 Alex Goligoski Will Butcher 40 1 2 2
2 Dalton Prout Niklas Hansson 30 1 2 2
3 John Draeger Morgan Ellis 20 1 2 2
4 Alex Goligoski Will Butcher 10 1 2 2
PowerPlay Forward
Center Left Wing Right Wing Time % Phy DF OF
1 Anze Kopitar Alexander Semin Jason Pominville 60 1 2 2
2 Miro Aaltonen Chris Bourque Kris Versteeg 40 1 2 2
PowerPlay Defense
Defense Defense Time % Phy DF OF
1 Alex Goligoski Will Butcher 60 1 2 2
2 Dalton Prout Niklas Hansson 40 1 2 2
Penalty Kill 4 Players Forward
Center Wing Time % Phy DF OF
1 Anze Kopitar Kris Versteeg 60 1 2 2
2 Daultan Leveillé Alexander Semin 40 1 2 2
Penalty Kill 4 Players Defense
Defense Defense Time % Phy DF OF
1 Niklas Hansson Morgan Ellis 60 1 2 2
2 Alex Goligoski Dalton Prout 40 1 2 2
Penalty Kill - 3 Players Forward
Forward Time % Phy DF OF
1 Anze Kopitar 60 1 2 2
2 Kris Versteeg 40 1 2 2
Penalty Kill - 3 Players Defense
Defense Defense Time % Phy DF OF
1 Niklas Hansson Morgan Ellis 60 1 2 2
2 Alex Goligoski Dalton Prout 40 1 2 2
4 vs 4 Forward
Center Wing Time % Phy DF OF
1 Anze Kopitar Alexander Semin 60 1 2 2
2 Miro Aaltonen Chris Bourque 40 1 2 2
4 vs 4 Defense
Defense Defense Time % Phy DF OF
1 Alex Goligoski Will Butcher 60 1 2 2
2 Dalton Prout Niklas Hansson 40 1 2 2
Last Minutes Offensive
Center Left Wing Right Wing Defense Defense
Anze Kopitar Alexander Semin Jason Pominville Alex Goligoski Will Butcher
Last Minutes Defensive
Center Left Wing Right Wing Defense Defense
Anze Kopitar Alexander Semin Kris Versteeg Niklas Hansson Morgan Ellis
Goaltenders
Starting : Jonathan Quick
Backup : Ville Husso
Extra Forwards
Normal : Kyle Okposo, Anze Kopitar, Alexander Semin - PP : Alexander Semin, Kyle Okposo - PK : Beau Bennett
Extra Defensemen
Normal : Will Butcher, Alex Goligoski, Dalton Prout - PP : Will Butcher - PK : Alex Goligoski, Niklas Hansson
Penalty Shots
Alexander Semin, Kris Versteeg, Beau Bennett, Anze Kopitar, Miro Aaltonen
Scratches
Cameron Gaunce (Sprained Right Ankle Injury), Quinton Howden (Right Hip Injury), Timo Meier (Sprained Right Finger Injury)
% Time on Ice - Sharks
Lines # - Real PCT - Wanted PCT - Time Play
Normal Forward
1 - 34% - 40% - 15:08
2 - 28% - 30% - 12:31
3 - 19% - 20% - 8:20
4 - 19% - 10% - 8:18
Normal Defense
1 - 43% - 40% - 18:58
2 - 31% - 30% - 13:49
3 - 23% - 20% - 10:04
4 - 3% - 10% - 1:26
PP Forward
1 - 59% - 60% - 6:54
2 - 41% - 40% - 4:51
PP Defense
1 - 57% - 60% - 6:39
2 - 43% - 40% - 5:06
PK Forward
1 - 71% - 60% - 2:48
2 - 29% - 40% - 1:10
PK Defense
1 - 71% - 60% - 2:50
2 - 29% - 40% - 1:08
PK3 Forward
1 - 0% - 60%
2 - 0% - 40%
PK3 Defense
1 - 0% - 60%
2 - 0% - 40%
44 Forward
1 - 0% - 60%
2 - 0% - 40%
44 Defense
1 - 0% - 60%
2 - 0% - 40%
Last Minute Offensive - 0:00
Last Minute Defensive - 0:00
Total
Forward - 60:00
Defense - 60:00
|
% Time on Ice - Panthers
Lines # - Real PCT - Wanted PCT - Time Play
Normal Forward
1 - 38% - 40% - 16:42
2 - 28% - 30% - 12:34
3 - 21% - 20% - 9:24
4 - 13% - 10% - 5:37
Normal Defense
1 - 45% - 40% - 19:54
2 - 29% - 30% - 13:03
3 - 21% - 20% - 9:15
4 - 5% - 10% - 2:05
PP Forward
1 - 54% - 60% - 2:09
2 - 46% - 40% - 1:49
PP Defense
1 - 61% - 60% - 2:25
2 - 39% - 40% - 1:33
PK Forward
1 - 76% - 60% - 8:58
2 - 24% - 40% - 2:47
PK Defense
1 - 65% - 60% - 7:35
2 - 35% - 40% - 4:10
PK3 Forward
1 - 0% - 60%
2 - 0% - 40%
PK3 Defense
1 - 0% - 60%
2 - 0% - 40%
44 Forward
1 - 0% - 60%
2 - 0% - 40%
44 Defense
1 - 0% - 60%
2 - 0% - 40%
Last Minute Offensive - 0:00
Last Minute Defensive - 0:00
Total
Forward - 60:00
Defense - 60:00
|
Play-by-Play
1st period
0:01 of 1st period - Brandon Dubinsky wins face-off versus Anze Kopitar in neutral zone.
0:26 of 1st period - Will Butcher is hit by Andreas Martinsen and loses puck.
0:33 of 1st period - Snap shot by Andreas Martinsen.
0:33 of 1st period - Shot Misses the Net.
0:39 of 1st period - Wrist shot by Wayne Simmonds.
0:39 of 1st period - Stopped by Jonathan Quick without a rebound.
0:40 of 1st period - Miro Aaltonen wins face-off versus Boone Jenner in Panthers zone.
1:14 of 1st period - Wrist shot by Kyle Okposo.
1:14 of 1st period - Shot Blocked by Conor Sheary.
1:20 of 1st period - Markus Nutivaara is hit by Alex Iafallo and loses puck.
1:57 of 1st period - Backhand shot by Kyle Okposo.
1:57 of 1st period - Shot Blocked by Conor Sheary.
2:33 of 1st period - Wrist shot by Brendan Gaunce.
2:33 of 1st period - Stopped by Jonathan Quick with a rebound.
3:31 of 1st period - Snap shot by Conor Sheary.
3:31 of 1st period - Stopped by Jonathan Quick with a rebound.
3:33 of 1st period - Snap shot by Markus Nutivaara.
3:33 of 1st period - Stopped by Jonathan Quick with a rebound.
3:35 of 1st period - Wrist shot by Conor Sheary.
3:35 of 1st period - Stopped by Jonathan Quick without a rebound.
3:36 of 1st period - David Booth wins face-off versus Anze Kopitar in Panthers zone.
4:42 of 1st period - Minor Penalty to Mike Lundin for Hooking.
4:43 of 1st period - Anze Kopitar wins face-off versus Brandon Dubinsky in Sharks zone.
4:56 of 1st period - Slapshot by Will Butcher.
4:56 of 1st period - Shot Blocked by Dion Phaneuf.
5:12 of 1st period - Will Butcher is hit by Dion Phaneuf and loses puck.
5:23 of 1st period - Ronalds Kenins is hit by Kris Versteeg and loses puck.
6:42 of 1st period - Penalty to Mike Lundin is over, Mike Lundin is back on ice.
6:52 of 1st period - Niklas Hansson is hit by Wayne Simmonds and loses puck.
10:22 of 1st period - Jason Pominville is hit by Mike Lundin and loses puck.
10:50 of 1st period - Alexander Semin is hit by Ronalds Kenins and loses puck.
12:02 of 1st period - Niklas Hansson is hit by Brandon Dubinsky and loses puck.
12:39 of 1st period - Icing by Will Butcher.
12:40 of 1st period - Ben Smith wins face-off versus Anze Kopitar in Panthers zone.
12:57 of 1st period - Brandon Dubinsky is hit by Alexander Semin and loses puck.
13:02 of 1st period - Wrist shot by Anze Kopitar.
13:02 of 1st period - Shot Misses the Net.
13:04 of 1st period - Slapshot by Jason Pominville.
13:04 of 1st period - Shot Blocked by Brandon Dubinsky.
13:06 of 1st period - Wrist shot by John Draeger.
13:06 of 1st period - Stopped by Malcolm Subban with a rebound.
13:08 of 1st period - Snap shot by Alexander Semin.
13:08 of 1st period - Stopped by Malcolm Subban with a rebound.
13:14 of 1st period - Wrist shot by Alexander Semin.
13:14 of 1st period - Stopped by Malcolm Subban without a rebound.
13:15 of 1st period - Miro Aaltonen wins face-off versus Joe Pavelski in Sharks zone.
13:18 of 1st period - Snap shot by Miro Aaltonen.
13:18 of 1st period - Shot Misses the Net.
13:27 of 1st period - Off-side.
13:28 of 1st period - Boone Jenner wins face-off versus Chris Bourque in neutral zone.
13:42 of 1st period - Slapshot by Tyler Cuma.
13:42 of 1st period - Deflect By Ronalds Kenins.
13:42 of 1st period - Shot Blocked by Will Butcher.
13:42 of 1st period - Puck is out of play.
13:43 of 1st period - Chris Bourque wins face-off versus Brandon Dubinsky in Panthers zone.
13:53 of 1st period - Off-side.
13:54 of 1st period - Brandon Dubinsky wins face-off versus Anze Kopitar in neutral zone.
14:05 of 1st period - Snap shot by Brandon Dubinsky.
14:05 of 1st period - Shot Blocked by Alex Goligoski.
14:15 of 1st period - Brandon Dubinsky is hit by Anze Kopitar and loses puck.
15:06 of 1st period - Conor Sheary is hit by Kyle Okposo and loses puck.
15:19 of 1st period - Wrist shot by Brendan Gaunce.
15:19 of 1st period - Stopped by Jonathan Quick with a rebound.
16:00 of 1st period - Wrist shot by Chris Bourque.
16:00 of 1st period - Goal by Chris Bourque - Sharks : 0 - Panthers : 1.
16:01 of 1st period - Brandon Dubinsky wins face-off versus Jason Pominville in neutral zone.
16:04 of 1st period - Slapshot by Ben Smith.
16:04 of 1st period - Shot Blocked by Will Butcher.
16:24 of 1st period - Jason Pominville is hit by David Booth and loses puck.
16:50 of 1st period - Backhand shot by Alexander Semin.
16:50 of 1st period - Stopped by Malcolm Subban with a rebound.
16:52 of 1st period - Snap shot by Alex Goligoski.
16:52 of 1st period - Stopped by Malcolm Subban with a rebound.
16:54 of 1st period - Snap shot by Will Butcher.
16:54 of 1st period - Deflect By Brandon Dubinsky.
16:54 of 1st period - Stopped by Malcolm Subban without a rebound.
16:55 of 1st period - Ronalds Kenins wins face-off versus Miro Aaltonen in Sharks zone.
17:10 of 1st period - Snap shot by Chris Bourque.
17:10 of 1st period - Shot Misses the Net.
17:12 of 1st period - Wrist shot by Kris Versteeg.
17:12 of 1st period - Stopped by Malcolm Subban without a rebound.
17:13 of 1st period - Brian Flynn wins face-off versus Oscar Sundqvist in Sharks zone.
17:20 of 1st period - Snap shot by Brian Flynn.
17:20 of 1st period - Stopped by Malcolm Subban without a rebound.
17:21 of 1st period - Oscar Sundqvist wins face-off versus Brian Flynn in Sharks zone.
18:15 of 1st period - Wrist shot by Ronalds Kenins.
18:15 of 1st period - Deflect By Joe Pavelski.
18:15 of 1st period - Stopped by Jonathan Quick with a rebound.
18:29 of 1st period - Slapshot by Beau Bennett.
18:29 of 1st period - Shot Misses the Net.
18:52 of 1st period - Off-side.
18:53 of 1st period - Oscar Sundqvist wins face-off versus Brian Flynn in neutral zone.
19:38 of 1st period - Icing by Markus Nutivaara.
19:39 of 1st period - Miro Aaltonen wins face-off versus Brandon Dubinsky in Sharks zone.
19:40 of 1st period - Snap shot by Kris Versteeg.
19:40 of 1st period - Shot Misses the Net.
19:42 of 1st period - Snap shot by Miro Aaltonen.
19:42 of 1st period - Shot Blocked by Brandon Dubinsky.
19:44 of 1st period - Slapshot by Niklas Hansson.
19:44 of 1st period - Stopped by Malcolm Subban without a rebound.
19:45 of 1st period - Boone Jenner wins face-off versus Miro Aaltonen in Sharks zone.
19:58 of 1st period - Wrist shot by Ronalds Kenins.
19:58 of 1st period - Shot Misses the Net.
Goals for this period are 0 for Sharks vs 1 for Panthers.
Shots for this period are 7 for Sharks vs 10 for Panthers.
2nd period
0:01 of 2nd period - Brandon Dubinsky wins face-off versus Anze Kopitar in neutral zone.
0:36 of 2nd period - Minor Penalty to Joe Pavelski for Roughing.
0:37 of 2nd period - Brandon Dubinsky wins face-off versus Anze Kopitar in Sharks zone.
1:13 of 2nd period - Slapshot by Chris Bourque.
1:13 of 2nd period - Shot Misses the Net.
1:52 of 2nd period - Icing by Miro Aaltonen.
1:53 of 2nd period - Brandon Dubinsky wins face-off versus Miro Aaltonen in Panthers zone.
2:36 of 2nd period - Penalty to Joe Pavelski is over, Joe Pavelski is back on ice.
4:00 of 2nd period - Off-side.
4:01 of 2nd period - Boone Jenner wins face-off versus Daultan Leveillé in neutral zone.
4:06 of 2nd period - Backhand shot by Mike Lundin.
4:06 of 2nd period - Shot Blocked by Alex Goligoski.
4:10 of 2nd period - Slapshot by Ronalds Kenins.
4:10 of 2nd period - Stopped by Jonathan Quick without a rebound.
4:11 of 2nd period - Alexander Semin wins face-off versus Boone Jenner in Panthers zone.
4:11 of 2nd period - Alexander Semin is hit by Brandon Gormley.
4:17 of 2nd period - Snap shot by Brandon Gormley.
4:17 of 2nd period - Shot Blocked by Jason Pominville.
4:19 of 2nd period - Slapshot by Ronalds Kenins.
4:19 of 2nd period - Shot Blocked by Will Butcher.
4:21 of 2nd period - Slapshot by Mike Lundin.
4:21 of 2nd period - Stopped by Jonathan Quick without a rebound.
4:22 of 2nd period - Anze Kopitar wins face-off versus Brandon Dubinsky in Panthers zone.
4:33 of 2nd period - Snap shot by Jason Pominville.
4:33 of 2nd period - Shot Misses the Net.
4:35 of 2nd period - Backhand shot by Jason Pominville.
4:35 of 2nd period - Shot Misses the Net.
4:37 of 2nd period - Snap shot by Jason Pominville.
4:37 of 2nd period - Stopped by Malcolm Subban without a rebound.
4:38 of 2nd period - Boone Jenner wins face-off versus Miro Aaltonen in Sharks zone.
4:38 of 2nd period - Brandon Gormley is hit by Alex Goligoski and loses puck.
4:45 of 2nd period - Wrist shot by Miro Aaltonen.
4:45 of 2nd period - Stopped by Malcolm Subban without a rebound.
4:46 of 2nd period - Boone Jenner wins face-off versus Miro Aaltonen in Sharks zone.
4:51 of 2nd period - Kris Versteeg is hit by Boone Jenner and loses puck.
5:16 of 2nd period - Wrist shot by Miro Aaltonen.
5:16 of 2nd period - Stopped by Malcolm Subban without a rebound.
5:17 of 2nd period - Anze Kopitar wins face-off versus Brandon Dubinsky in Sharks zone.
5:20 of 2nd period - Slapshot by Anze Kopitar.
5:20 of 2nd period - Shot Blocked by David Booth.
5:22 of 2nd period - Snap shot by Anze Kopitar.
5:22 of 2nd period - Shot Misses the Net.
5:44 of 2nd period - Niklas Hansson is hit by Andreas Martinsen and loses puck.
6:33 of 2nd period - Snap shot by Beau Bennett.
6:33 of 2nd period - Deflect By Daultan Leveillé.
6:33 of 2nd period - Stopped by Malcolm Subban without a rebound.
6:34 of 2nd period - Anze Kopitar wins face-off versus Brandon Dubinsky in Sharks zone.
6:35 of 2nd period - Snap shot by Jason Pominville.
6:35 of 2nd period - Shot Blocked by Tyler Cuma.
6:42 of 2nd period - Tyler Cuma is hit by Alexander Semin and loses puck.
6:48 of 2nd period - Minor Penalty to Anze Kopitar for Holding Stick.
6:49 of 2nd period - Brandon Dubinsky wins face-off versus Beau Bennett in Panthers zone.
6:49 of 2nd period - Snap shot by Ben Smith.
6:49 of 2nd period - Stopped by Jonathan Quick without a rebound.
6:50 of 2nd period - Beau Bennett wins face-off versus Brandon Dubinsky in Panthers zone.
7:28 of 2nd period - Icing by Brandon Gormley.
7:29 of 2nd period - Beau Bennett wins face-off versus Brandon Dubinsky in Sharks zone.
8:48 of 2nd period - Penalty to Anze Kopitar is over, Anze Kopitar is back on ice.
9:07 of 2nd period - Brian Flynn is hit by Mike Lundin and loses puck.
9:25 of 2nd period - Wrist shot by Conor Sheary.
9:25 of 2nd period - Shot Misses the Net.
9:27 of 2nd period - Wrist shot by Conor Sheary.
9:27 of 2nd period - Stopped by Jonathan Quick without a rebound.
9:28 of 2nd period - Brandon Dubinsky wins face-off versus Daultan Leveillé in Panthers zone.
9:58 of 2nd period - Slapshot by Alex Goligoski.
9:58 of 2nd period - Shot Blocked by Boone Jenner.
10:32 of 2nd period - Beau Bennett is hit by Andreas Martinsen and loses puck.
11:30 of 2nd period - Andreas Martinsen is hit by Blake Geoffrion and loses puck.
11:36 of 2nd period - Off-side.
11:37 of 2nd period - Brandon Dubinsky wins face-off versus Daultan Leveillé in neutral zone.
11:50 of 2nd period - Snap shot by Blake Geoffrion.
11:50 of 2nd period - Stopped by Malcolm Subban without a rebound.
11:51 of 2nd period - Anze Kopitar wins face-off versus Brandon Dubinsky in Sharks zone.
12:18 of 2nd period - Miro Aaltonen is hit by Ronalds Kenins and loses puck.
12:29 of 2nd period - Mike Lundin is hit by Chris Bourque and loses puck.
12:50 of 2nd period - Wrist shot by Blake Geoffrion.
12:50 of 2nd period - Stopped by Malcolm Subban with a rebound.
12:52 of 2nd period - Slapshot by Morgan Ellis.
12:52 of 2nd period - Deflect By Daultan Leveillé.
12:52 of 2nd period - Shot Blocked by Mike Lundin.
12:52 of 2nd period - Puck is out of play.
12:53 of 2nd period - Anze Kopitar wins face-off versus Brandon Dubinsky in Sharks zone.
13:00 of 2nd period - Jason Pominville is hit by Ben Smith.
13:36 of 2nd period - Snap shot by Anze Kopitar.
13:36 of 2nd period - Shot Blocked by Markus Nutivaara.
13:38 of 2nd period - Slapshot by Will Butcher.
13:38 of 2nd period - Deflect By Brendan Gaunce.
13:38 of 2nd period - Stopped by Malcolm Subban without a rebound.
13:39 of 2nd period - Brandon Dubinsky wins face-off versus Miro Aaltonen in Sharks zone.
13:54 of 2nd period - Slapshot by Brandon Dubinsky.
13:54 of 2nd period - Shot Misses the Net.
13:56 of 2nd period - Snap shot by Brandon Dubinsky.
13:56 of 2nd period - Stopped by Jonathan Quick without a rebound.
13:57 of 2nd period - Brian Flynn wins face-off versus Joe Pavelski in Panthers zone.
13:57 of 2nd period - Brian Flynn is hit by Ronalds Kenins.
14:46 of 2nd period - Off-side.
14:47 of 2nd period - Oscar Sundqvist wins face-off versus Miro Aaltonen in neutral zone.
14:52 of 2nd period - Wrist shot by Wayne Simmonds.
14:52 of 2nd period - Deflect By Chris Bourque.
14:52 of 2nd period - Stopped by Jonathan Quick with a rebound.
14:58 of 2nd period - Snap shot by Wayne Simmonds.
14:58 of 2nd period - Shot Blocked by Kris Versteeg.
15:00 of 2nd period - Snap shot by Tyler Cuma.
15:00 of 2nd period - Stopped by Jonathan Quick without a rebound.
15:01 of 2nd period - Anze Kopitar wins face-off versus Brandon Dubinsky in Panthers zone.
15:06 of 2nd period - Snap shot by Ben Smith.
15:06 of 2nd period - Goal by Ben Smith - Sharks : 1 - Panthers : 1.
15:07 of 2nd period - Jason Pominville wins face-off versus Brandon Dubinsky in neutral zone.
15:31 of 2nd period - Icing by Alex Goligoski.
15:32 of 2nd period - Miro Aaltonen wins face-off versus Boone Jenner in Panthers zone.
15:56 of 2nd period - Icing by Dion Phaneuf.
15:57 of 2nd period - Anze Kopitar wins face-off versus Brandon Dubinsky in Sharks zone.
16:02 of 2nd period - Snap shot by Anze Kopitar.
16:02 of 2nd period - Deflect By Ben Smith.
16:02 of 2nd period - Stopped by Malcolm Subban with a rebound.
16:04 of 2nd period - Backhand shot by Jason Pominville.
16:04 of 2nd period - Shot Misses the Net.
16:10 of 2nd period - Snap shot by Ben Smith.
16:10 of 2nd period - Stopped by Jonathan Quick with a rebound.
16:54 of 2nd period - Wrist shot by Chris Bourque.
16:54 of 2nd period - Stopped by Malcolm Subban without a rebound.
16:55 of 2nd period - Brandon Dubinsky wins face-off versus Miro Aaltonen in Sharks zone.
17:10 of 2nd period - Wrist shot by Ben Smith.
17:10 of 2nd period - Shot Blocked by Will Butcher.
17:22 of 2nd period - Dion Phaneuf is hit by Alex Goligoski.
17:26 of 2nd period - Snap shot by Kyle Okposo.
17:26 of 2nd period - Stopped by Malcolm Subban without a rebound.
17:27 of 2nd period - Brian Flynn wins face-off versus Boone Jenner in Sharks zone.
18:08 of 2nd period - Snap shot by Kyle Okposo.
18:08 of 2nd period - Stopped by Malcolm Subban without a rebound.
18:09 of 2nd period - David Booth wins face-off versus Anze Kopitar in Sharks zone.
18:17 of 2nd period - Dion Phaneuf is hit by Will Butcher and loses puck.
18:32 of 2nd period - Minor Penalty to Alexander Semin for Hooking.
18:33 of 2nd period - Anze Kopitar wins face-off versus Brandon Dubinsky in Panthers zone.
18:33 of 2nd period - Anze Kopitar is hit by David Booth.
Goals for this period are 1 for Sharks vs 0 for Panthers.
Shots for this period are 9 for Sharks vs 11 for Panthers.
3rd period
0:01 of 3rd period - Anze Kopitar wins face-off versus Brandon Dubinsky in neutral zone.
0:10 of 3rd period - Snap shot by Brandon Dubinsky.
0:10 of 3rd period - Stopped by Jonathan Quick with a rebound.
0:12 of 3rd period - Slapshot by Brandon Dubinsky.
0:12 of 3rd period - Goal by Brandon Dubinsky - Sharks : 2 - Panthers : 1.
0:13 of 3rd period - Ben Smith wins face-off versus Anze Kopitar in neutral zone.
0:26 of 3rd period - Snap shot by Anze Kopitar.
0:26 of 3rd period - Shot Misses the Net.
0:28 of 3rd period - Backhand shot by Alexander Semin.
0:28 of 3rd period - Shot Misses the Net.
0:30 of 3rd period - Backhand shot by Will Butcher.
0:30 of 3rd period - Shot Misses the Net.
1:27 of 3rd period - Off-side.
1:28 of 3rd period - Brendan Gaunce wins face-off versus Anze Kopitar in neutral zone.
1:42 of 3rd period - Brendan Gaunce is hit by Alexander Semin and loses puck.
1:55 of 3rd period - Snap shot by Jason Pominville.
1:55 of 3rd period - Stopped by Malcolm Subban with a rebound.
2:01 of 3rd period - Snap shot by Conor Sheary.
2:01 of 3rd period - Shot Misses the Net.
2:03 of 3rd period - Slapshot by Markus Nutivaara.
2:03 of 3rd period - Shot Misses the Net.
2:05 of 3rd period - Snap shot by Conor Sheary.
2:05 of 3rd period - Deflect By Brendan Gaunce.
2:05 of 3rd period - Shot Misses the Net.
2:05 of 3rd period - Puck is out of play.
2:06 of 3rd period - Miro Aaltonen wins face-off versus Brandon Dubinsky in Panthers zone.
2:16 of 3rd period - Slapshot by Miro Aaltonen.
2:16 of 3rd period - Stopped by Malcolm Subban with a rebound.
2:18 of 3rd period - Slapshot by Chris Bourque.
2:18 of 3rd period - Stopped by Malcolm Subban without a rebound.
2:19 of 3rd period - Miro Aaltonen wins face-off versus Brandon Dubinsky in Sharks zone.
2:20 of 3rd period - Slapshot by Will Butcher.
2:20 of 3rd period - Stopped by Malcolm Subban without a rebound.
2:21 of 3rd period - Brandon Dubinsky wins face-off versus Miro Aaltonen in Sharks zone.
3:15 of 3rd period - Off-side.
3:16 of 3rd period - Kris Versteeg wins face-off versus David Booth in neutral zone.
4:15 of 3rd period - Wrist shot by Wayne Simmonds.
4:15 of 3rd period - Stopped by Jonathan Quick without a rebound.
4:16 of 3rd period - Miro Aaltonen wins face-off versus Brandon Dubinsky in Panthers zone.
4:16 of 3rd period - Miro Aaltonen is hit by Mike Lundin.
4:22 of 3rd period - Ben Smith is hit by Chris Bourque and loses puck.
5:08 of 3rd period - Slapshot by Boone Jenner.
5:08 of 3rd period - Stopped by Jonathan Quick with a rebound.
5:31 of 3rd period - Minor Penalty to Alexander Semin for Tripping.
5:32 of 3rd period - Anze Kopitar wins face-off versus Brandon Dubinsky in Panthers zone.
7:19 of 3rd period - Beau Bennett is hit by Conor Sheary and loses puck.
7:31 of 3rd period - Penalty to Alexander Semin is over, Alexander Semin is back on ice.
7:40 of 3rd period - Wrist shot by Brendan Gaunce.
7:40 of 3rd period - Shot Misses the Net.
8:09 of 3rd period - Wayne Simmonds is hit by Alex Iafallo and loses puck.
8:22 of 3rd period - Slapshot by Alexander Semin.
8:22 of 3rd period - Stopped by Malcolm Subban without a rebound.
8:23 of 3rd period - Anze Kopitar wins face-off versus Boone Jenner in Sharks zone.
8:26 of 3rd period - Snap shot by Jason Pominville.
8:26 of 3rd period - Shot Blocked by Ronalds Kenins.
8:28 of 3rd period - Snap shot by Anze Kopitar.
8:28 of 3rd period - Shot Misses the Net.
8:30 of 3rd period - Snap shot by Alexander Semin.
8:30 of 3rd period - Deflect By Anze Kopitar.
8:30 of 3rd period - Shot Blocked by Ronalds Kenins.
8:30 of 3rd period - Puck is out of play.
8:31 of 3rd period - Ronalds Kenins wins face-off versus Brian Flynn in Sharks zone.
8:31 of 3rd period - Ronalds Kenins is hit by Alex Goligoski.
8:37 of 3rd period - Snap shot by Kyle Okposo.
8:37 of 3rd period - Stopped by Malcolm Subban without a rebound.
8:38 of 3rd period - Brian Flynn wins face-off versus Brandon Dubinsky in Sharks zone.
8:46 of 3rd period - Minor Penalty to Will Butcher for Delaying the game.
8:47 of 3rd period - Brandon Dubinsky wins face-off versus Anze Kopitar in Panthers zone.
8:56 of 3rd period - Slapshot by Brandon Dubinsky.
8:56 of 3rd period - Goal by Brandon Dubinsky - Sharks : 3 - Panthers : 1.
8:57 of 3rd period - Anze Kopitar wins face-off versus Brandon Dubinsky in neutral zone.
9:20 of 3rd period - Minor Penalty to Anze Kopitar for Hooking.
9:21 of 3rd period - Brandon Dubinsky wins face-off versus Beau Bennett in Panthers zone.
11:20 of 3rd period - Penalty to Anze Kopitar is over, Anze Kopitar is back on ice.
11:26 of 3rd period - Alex Iafallo is hit by Dion Phaneuf and loses puck.
12:51 of 3rd period - Off-side.
12:52 of 3rd period - Brandon Dubinsky wins face-off versus Daultan Leveillé in neutral zone.
12:57 of 3rd period - Snap shot by Ben Smith.
12:57 of 3rd period - Goal by Ben Smith - Sharks : 4 - Panthers : 1.
12:58 of 3rd period - Miro Aaltonen wins face-off versus Brandon Dubinsky in neutral zone.
13:01 of 3rd period - Slapshot by Alex Goligoski.
13:01 of 3rd period - Stopped by Malcolm Subban with a rebound.
13:13 of 3rd period - Slapshot by Kris Versteeg.
13:13 of 3rd period - Stopped by Malcolm Subban with a rebound.
13:35 of 3rd period - Minor Penalty to Alex Goligoski for Roughing.
13:36 of 3rd period - Boone Jenner wins face-off versus Anze Kopitar in Panthers zone.
13:42 of 3rd period - Snap shot by Joe Pavelski.
13:42 of 3rd period - Shot Misses the Net.
13:52 of 3rd period - Snap shot by Boone Jenner.
13:52 of 3rd period - Shot Misses the Net.
14:20 of 3rd period - Off-side.
14:21 of 3rd period - Daultan Leveillé wins face-off versus Boone Jenner in neutral zone.
14:38 of 3rd period - Slapshot by Alexander Semin.
14:38 of 3rd period - Shot Blocked by Boone Jenner.
14:48 of 3rd period - Kris Versteeg is hit by Dion Phaneuf.
15:21 of 3rd period - Icing by Brandon Gormley.
15:22 of 3rd period - Brandon Dubinsky wins face-off versus Anze Kopitar in Sharks zone.
15:35 of 3rd period - Penalty to Alex Goligoski is over, Alex Goligoski is back on ice.
16:07 of 3rd period - Snap shot by Alex Goligoski.
16:07 of 3rd period - Shot Blocked by Tyler Cuma.
16:31 of 3rd period - Wrist shot by Alex Goligoski.
16:31 of 3rd period - Shot Blocked by Brendan Gaunce.
16:33 of 3rd period - Slapshot by Morgan Ellis.
16:33 of 3rd period - Deflect By Alexander Semin.
16:33 of 3rd period - Shot Blocked by Dion Phaneuf.
16:33 of 3rd period - Puck is out of play.
16:34 of 3rd period - Miro Aaltonen wins face-off versus Brandon Dubinsky in Sharks zone.
16:35 of 3rd period - Slapshot by Chris Bourque.
16:35 of 3rd period - Stopped by Malcolm Subban with a rebound.
16:37 of 3rd period - Snap shot by Kris Versteeg.
16:37 of 3rd period - Deflect By Chris Bourque.
16:37 of 3rd period - Shot Blocked by David Booth.
16:37 of 3rd period - Puck is out of play.
16:38 of 3rd period - Miro Aaltonen wins face-off versus Brandon Dubinsky in Sharks zone.
17:28 of 3rd period - Oscar Sundqvist is hit by Anze Kopitar and loses puck.
17:44 of 3rd period - Minor Penalty to John Draeger for Slashing.
17:45 of 3rd period - Brandon Dubinsky wins face-off versus Anze Kopitar in Panthers zone.
17:57 of 3rd period - Snap shot by David Booth.
17:57 of 3rd period - Stopped by Jonathan Quick without a rebound.
17:58 of 3rd period - Kris Versteeg wins face-off versus Brandon Dubinsky in Panthers zone.
18:15 of 3rd period - Slapshot by Brandon Dubinsky.
18:15 of 3rd period - Stopped by Jonathan Quick with a rebound.
19:44 of 3rd period - Penalty to John Draeger is over, John Draeger is back on ice.
Goals for this period are 3 for Sharks vs 0 for Panthers.
Shots for this period are 8 for Sharks vs 9 for Panthers.